 Dungeon Crawl Stone Soup version 0.29.0-7-g18a832c13a (webtiles) character file.

Game seed: 82044334864120799

10 GigaChad the Firebug (level 2, 0/20 HPs)
             Began as a Gnoll Fire Elementalist on Aug 30, 2022.
             Slain by a ball python (1 damage)
             ... on level 1 of the Dungeon.
             The game lasted 00:01:16 (767 turns).

GigaChad the Firebug (Gnoll Fire Elementalist)       Turns: 767, Time: 00:01:16

Health: 0/20       AC:  2    Str:  7    XL:     2   Next: 20%
Magic:  7/7        EV: 13    Int: 14    God:
Gold:   61         SH:  0    Dex: 12    Spells: 9/10 levels left

rFire   . . .      SeeInvis .   e - +0 short sword
rCold   . . .      Faith    .   (no shield)
rNeg    . . .      Spirit   .   a - +0 robe
rPois   .          Reflect  .   (no helmet)
rElec   .          Harm     .   (no cloak)
rCorr   .          Rampage  .   (no gloves)
Will    .....                   (no boots)
Stlth   ++........              (no amulet)
HPRegen 0.06/turn               (no ring)
MPRegen 0.10/turn               (no ring)

@: no status effects
A: fangs 1, strong nose, distributed training
a: no special abilities


You were on level 1 of the Dungeon.
You visited 1 branch of the dungeon, and saw 1 of its levels.

You collected 61 gold pieces.

Inventory:

Hand Weapons
 e - a +0 short sword (weapon)
Armour
 a - a +0 robe (worn)
Magical Staves
 c - a staff of cold
Scrolls
 d - a scroll of identify {unknown}
Potions
 b - a potion of magic


   Skills:
 + Level 0.3 Fighting
 + Level 0.3 Short Blades
 + Level 0.3 Long Blades
 + Level 0.3 Axes
 + Level 0.3 Maces & Flails
 + Level 0.3 Polearms
 + Level 0.3 Staves
 + Level 0.3 Ranged Weapons
 + Level 0.3 Throwing
 + Level 0.3 Armour
 + Level 4.4 Dodging
 + Level 4.0 Stealth
 + Level 0.3 Shields
 + Level 0.3 Unarmed Combat
 + Level 4.9 Spellcasting
 + Level 2.0 Conjurations
 + Level 0.2 Hexes
 + Level 0.2 Summonings
 + Level 0.2 Necromancy
 + Level 0.2 Translocations
 + Level 0.2 Transmutations
 + Level 5.3 Fire Magic
 + Level 0.2 Ice Magic
 + Level 0.2 Air Magic
 + Level 0.2 Earth Magic
 + Level 0.2 Poison Magic
 + Level 0.4 Invocations
 + Level 0.3 Evocations


You had 9 spell levels left.
You knew the following spells:

 Your Spells              Type           Power      Damage    Failure   Level
a - Foxfire               Conj/Fire      52%        2x1d6     3%          1

Your spell library contained the following spells:

 Spells                   Type           Power      Damage    Failure   Level
 Scorch                   Fire           36%        2d7       3%          2
 Conjure Flame            Conj/Fire      13%        6-21      12%         3
 Inner Flame              Hex/Fire       11%        N/A       17%         3
 Flame Wave               Conj/Fire      13%        2d6       36%         4
 Summon Cactus Giant      Summ           2%         N/A       100%        6


Dungeon Overview and Level Annotations

Branches:
Dungeon (1/15)

Altars:


Innate Abilities, Weirdness & Mutations

You have very sharp teeth.
Your uncanny sense of smell can sniff out nearby items.
Your experience applies equally to all skills.


Message History

The goblin hits you with a +0 club.
You hit the goblin.
You kill the goblin!
Your magical contamination has completely faded away.
Things that are here:
a +0 club; a goblin corpse
There is a stone staircase leading down here.
The kobold shouts!
A ball python comes into view.
A hobgoblin and a bat come into view.
Found a scroll labelled NOTAMAEMUCH.
The hobgoblin moves out of view.
A bat comes into view.
Found a scroll labelled NOTAMAEMUCH and a sedimented white potion.
The kobold closely misses you. The bat misses you.
You are too injured to fight recklessly!
The bat hits you. The kobold barely misses you.
The ball python hisses angrily.
The bat hits you. The kobold hits you with a +0 club.
* * * LOW HITPOINT WARNING * * *
The bat attacks as you move away! The bat closely misses you.
The bat misses you. The bat attacks as you move away!
The bat hits you but does no damage. The bat closely misses you.
There is a stone staircase leading down here.
You closely miss the bat. The bat barely misses you.
You hit the bat.
You kill the bat!
The bat hits you.
* * * LOW HITPOINT WARNING * * *
You hit the bat but do no damage. The bat misses you. The bat hits you.
* * * LOW HITPOINT WARNING * * *
You hit the ball python. Your bite misses the ball python.
The ball python is moderately wounded.
The bat barely misses you. The ball python closely misses you. x2
You closely miss the ball python.
The ball python is moderately wounded.
The ball python closely misses you. x2; The bat hits you.
* * * LOW HITPOINT WARNING * * *
The ball python bites you.
You die...

######### #.......#
#.......#
#########.......##
#@b..)............
#S#######.......## #g##
#....†..#
#K.######.†.....##
#.................
#......##.######.######
#..?b...# .# #.. #
#.##.##.# # #..# # #g
..# #..# #


You could see a hobgoblin, a bat, a ball python and a kobold.

Vanquished Creatures
  2 giant cockroaches (D:1)
  A kobold (D:1)
  A quokka (D:1)
  2 bats (D:1)
  2 goblins (D:1)
  2 rats (D:1)
10 creatures vanquished.

Vanquished Creatures (others)
  18 foxfires (D:1)
18 creatures vanquished.

Grand Total: 28 creatures vanquished

Notes
Turn   | Place    | Note
-------+----------+-------------------------------------------
     0 | D:1      | GigaChad the Gnoll Fire Elementalist began the quest for
                  | the Orb.
     0 | D:1      | Reached XP level 1. HP: 13/13 MP: 6/6
   701 | D:1      | Reached XP level 2. HP: 19/19 MP: 5/7
   767 | D:1      | HP: 1/20 [bat (1)]
   767 | D:1      | Slain by a ball python

Illustrated notes

Levels and vault maps discovered:
D:1:      amcnicky_arrival_choice, layout_basic,
          shapermc_ecumenical_altar_mp_vishouse, minmay_tall_x

Skill      XL: |  1 |
---------------+----+-----
Conjurations   | 2 |  2.0
Fighting       | |  0.3
Short Blades   | |  0.3
Long Blades    | |  0.3
Axes           | |  0.3
Maces & Flails | |  0.3
Polearms       | |  0.3
Staves         | |  0.3
Ranged Weapons | |  0.3
Throwing       | |  0.3
Armour         | |  0.3
Dodging        | |  4.4
Stealth        | |  4.0
Shields        | |  0.3
Unarmed Combat | |  0.3
Spellcasting   | |  4.9
Hexes          | |  0.2
Summonings     | |  0.2
Necromancy     | |  0.2
Translocations | |  0.2
Transmutations | |  0.2
Fire Magic     | |  5.3
Ice Magic      | |  0.2
Air Magic      | |  0.2
Earth Magic    | |  0.2
Poison Magic   | |  0.2
Invocations    | |  0.4
Evocations     | |  0.3

Action                   || total
-------------------------++-------
Melee: Unarmed           ||    30
       Bite              ||     3
       Short sword       ||    15
 Cast: Foxfire           ||    15
 Stab: Sleeping          ||     2
Armor: Robe              ||    13
Dodge: Dodged            ||    52
